 Dungeon Crawl Stone Soup version 0.30-a0-578-gdee14c521f (webtiles) character file.

Game seed: 2053177193855874386

119 lunkers the Cutter (level 5, 0/25 (41) HPs)
             Began as a Meteoran Reaver on Dec 31, 2022.
             Was an Initiate of Ashenzari.
             Slain by Dowan
             ... wielding a +0 dagger
              (3 damage)
             ... on level 4 of the Dungeon.
             The game lasted 00:04:22 (1607 turns).

lunkers the Cutter (Meteoran Reaver)                Turns: 1607, Time: 00:04:23

HP:   0/25 (41)     AC:  4    Str: 15    XL:     5   Next: 49%
MP:   5/10          EV: 12    Int: 15    God:    Ashenzari [......]
Gold: 114           SH:  0    Dex: 12    Spells: 3/9 levels left

rFire   . . .      SeeInvis .    a - +0 whip of the Fated Trepidation {elec, Melee, Comp} (curse)
rCold   + . .      Faith    .    (no shield)
rNeg    . . .      Spirit   .    j - +1 leather armour {rC+}
rPois   +          Reflect  .    (no helmet)
rElec   .          Harm     .    (no cloak)
rCorr   .          Rampage  .    (no gloves)
Will    .....                    (no boots)
Stlth   +                        (no amulet)
HPRegen 0.24/turn                p - ring of poison resistance
MPRegen 0.12/turn                (no ring)

@: very slightly contaminated, glowing, very heavily drained
A: sense surroundings 1, otherworldly, glowing, explore regen
a: Renounce Religion, Shatter the Chains


You were on level 4 of the Dungeon.
You worshipped Ashenzari.
Ashenzari was noncommittal.
You visited 1 branch of the dungeon, and saw 4 of its levels.

You collected 114 gold pieces.

Inventory:

Hand Weapons
 a - the cursed +0 whip of the Fated Trepidation (weapon) {elec, Melee, Comp}
   (You took it off a kobold on level 3 of the Dungeon)

   It occasionally discharges a powerful burst of electricity upon striking a
   foe.
   It has a curse which improves the following skills: Melee Combat: Short
   Blades, Long Blades, Axes, Maces & Flails, Polearms, Staves and Unarmed
   Combat.
   Companions: Summonings and Necromancy.
 m - a +0 short sword
Armour
 b - a +0 leather armour
 j - a +1 leather armour of cold resistance (worn)
Magical Staves
 d - a staff of air
Jewellery
 p - a ring of poison resistance (left hand)
Scrolls
 k - a scroll of fog {unknown}
 l - a scroll of blinking {unknown}
 o - a scroll of noise {unknown}
Potions
 c - a potion of magic
 e - a potion of attraction
 f - a potion of heal wounds
 g - a potion of curing
 h - a potion of lignification {unknown}
 i - a potion of flight {unknown}
 n - a potion of mutation {unknown}


   Skills:
 - Level 2.1 Fighting
 - Level 5.7(6.1) Short Blades
 + Level 2.1(2.5) Maces & Flails
 - Level 2.4 Dodging
 - Level 2.6 Spellcasting
 - Level 3.6 Conjurations


You had 3 spell levels left.
You knew the following spells:

 Your Spells              Type           Power      Damage    Failure   Level
b - Momentum Strike       Conj/Tloc      14%        3d8       19%         2
c - Hailstorm             Conj/Ice       7%         3d4       36%         3
p - Kiss of Death         Conj/Necr      28%        2d7       12%         1

Your spell library contained the following spells:

 Spells                   Type           Power      Damage    Failure   Level


Dungeon Overview and Level Annotations

Branches:
Dungeon (4/15) Zot: 859
 Temple: D:4-7

Altars:
Ashenzari
Gozag

Annotations:
D:4 Dowan, Duvessa, Robin


Innate Abilities, Weirdness & Mutations

You passively map a small area around you.
You are easily found by Zot.
You glow in the dark.
You regain HP and MP as you explore.


Message History

Confirm with . or Enter, or press ? or * to list all spells.
Aiming: Momentum Strike (safe; 19% risk of failure)
Press: ? - help, Dir - move target, f - Duvessa
Aim: Duvessa, wielding a +0 short sword and wearing a +0 scale mail (77% to hit)
You miscast Momentum Strike.
You are very lightly contaminated with residual magic.
Nothing appears to happen.
Dowan smirks and points a slender finger.
Dowan points at you and mumbles some strange words.
The puff of flame hits you!
Unknown command.
Unknown command.
You aren't carrying any items that you can evoke.
Unknown command.
As you read the scroll of identify, it crumbles to dust.
g - a potion of curing Dowan casts a spell at you.
The puff of frost hits you. You resist.
* * * LOW HITPOINT WARNING * * *
You closely miss Duvessa. Duvessa hits you with a +0 short sword!
* * * LOW HITPOINT WARNING * * *
Casting: Momentum Strike (safe; 19% risk of failure)
Confirm with . or Enter, or press ? or * to list all spells.
Aiming: Momentum Strike (safe; 19% risk of failure)
Press: ? - help, Dir - move target, f/p - Duvessa
Aim: Duvessa, wielding a +0 short sword and wearing a +0 scale mail (77% to hit)
You miscast Momentum Strike.
Nothing appears to happen.
Duvessa hits you with a +0 short sword.
* * * LOW HITPOINT WARNING * * *
Unknown command.
Unknown command.
Casting: Momentum Strike (safe; 19% risk of failure)
Confirm with . or Enter, or press ? or * to list all spells.
Aiming: Kiss of Death (safe; 12% risk of failure)
Press: ? - help, Shift-Dir - straight line, f/p - Duvessa
Aim: Duvessa, wielding a +0 short sword and wearing a +0 scale mail (100% to hit)
The negative energy hits Duvessa!
Duvessa is drained!
Duvessa is moderately wounded.
You feel drained. Dowan hits you with a +0 dagger.
You die...

..,....#........ ### ,,
#..,......>#....##.. *
,, ...##......##.......
* * * ..................
,* ...............#.
*##.............#.
#####.....(.......[.. *
...#........##...#....##
*
......e@..........##..##
,
......e#..####.......###
.....####.# #...#..###
.... * *..# ##..##.#.##
..# * ##.# ##......## .
, , ..## ####.......
.....#.##..##### , ,
.###.......# # * * ,,
....#...## #


You could see Duvessa (drained) and Dowan.

Vanquished Creatures
  An iguana (D:4)
  2 adders (D:3)
  3 dart slugs
  2 orcs
  4 bats
  5 endoplasms
  3 giant cockroaches
  5 goblins
  9 hobgoblins
  7 jackals
  2 quokkas (D:2)
  6 ball pythons
  4 frilled lizards
  5 kobolds
  2 rats
60 creatures vanquished.

Notes
Turn   | Place    | Note
-------+----------+-------------------------------------------
     0 | D:1      | lunkers the Meteoran Reaver began the quest for the Orb.
     0 | D:1      | Reached XP level 1. HP: 17/17 MP: 5/5
   102 | D:1      | Reached XP level 2. HP: 22/24 MP: 6/6
   162 | D:1      | Reached skill level 4 in Short Blades
   283 | D:1      | Reached XP level 3. HP: 25/29 MP: 8/8
   286 | D:1      | Learned a level 2 spell: Momentum Strike
   290 | D:1      | Learned a level 3 spell: Hailstorm
   761 | D:3      | Reached XP level 4. HP: 28/36 MP: 9/9
   780 | D:3      | Found a broken altar of Ashenzari.
   786 | D:3      | Became a worshipper of Ashenzari the Shackled
   819 | D:3      | Reached skill level 5 in Short Blades
   920 | D:3      | Found an opulent altar of Gozag.
  1399 | D:4      | Noticed Robin
  1424 | D:3      | Reached XP level 5. HP: 24/26 MP: 8/10
  1599 | D:4      | Noticed Dowan
  1601 | D:4      | Noticed Duvessa
  1607 | D:4      | Slain by Dowan

Illustrated notes

Levels and vault maps discovered:
D:1:      psy_arrival_statuary, layout_loops_ring, basic_ecumenical_altar,
          serial_shops, shop
D:2:      layout_basic
D:3:      layout_loops_ring, lemuel_round_altar, mainiacjoe_overflow_catwalk,
          uniq_crazy_yiuf_cottage
D:4:      layout_cave_pools, nicolae_elyvilon_peaceful_grove,
          chequers_serial_rivers_micro_a, uniq_duvessa, uniq_robin

Skill      XL: |  1  2  3  4  5 |
---------------+----------------+-----
Short Blades   | 4 5 |  5.7
Maces & Flails | 2 |  2.1
Fighting       | |  2.1
Dodging        | |  2.4
Spellcasting   | |  2.6
Conjurations   | |  3.6

Action                   |  1- 3 |  4- 6 || total
-------------------------+-------+-------++-------
Melee: Short sword       |   165 |   130 ||   295
       Whip              |       |    19 ||    19
       Punch             |       |     1 ||     1
 Cast: Kiss of Death     |       |     4 ||     4
       Momentum Strike   |       |     2 ||     2
Invok: Curse Item        |       |     1 ||     1
  Use: Scroll            |       |     4 ||     4
       Potion            |       |     1 ||     1
Armor: Leather armour    |    45 |    48 ||    93
Dodge: Dodged            |    85 |    88 ||   173

Table legend: (Time is in decaauts)
 A = Elapsed time spent in this place.
 B = Non-inter-level travel time spent in this place.
 C = Inter-level travel time spent in this place.
 D = Time resting spent in this place.
 E = Time spent auto-exploring this place.
 F = Levels seen in this place.
 G = Mean time per level.
                   A        B        C        D        E       F      G
               +--------+--------+--------+--------+--------+-----+--------+
         Total |   1539 |   1482 |     57 |      0 |    915 |   4 |  384.8 |
       Dungeon |   1539 |   1482 |     57 |      0 |    915 |   4 |  384.8 |
               +--------+--------+--------+--------+--------+-----+--------+

Top non-repeatable levels by time:
     D:3: 712 daAuts
     D:2: 386 daAuts
     D:1: 296 daAuts
     D:4: 143 daAuts
